[Event "Monday Night Round Robin Blitz Tour 5m+1s Starts at 2200hrs No Late Joins"]
[Site "Infinity Chess"]
[Date "2018.4.30"]
[Round "1"]
[White "BlitzMaster"]
[Black "ocirema"]
[Result "1-0"]
[ECO "C55"]
[WhiteElo "2555"]
[BlackElo "2454"]
[WhiteEngine "asmFishW_9_bmi2"]
[BlackEngine "asmFishW_9_popcnt"]
[EventType "Round Robin"]
[WhiteTeam ""]
[BlackTeam ""]
[PlyCount "215"]
[TimeControl "300+1"]

1. e4 e5 2. Nf3 Nc6 3. Bc4 Nf6 4. d3 Bc5 5. c3 a5 6. O-O d6 7. Re1 Ba7 
8. Nbd2 O-O 9. h3 h6 10. Nf1 Be6 11. Bb5 Ne7 12. Ng3 c6 13. Ba4 b5 14. Bc2 a4 
15. d4 Ng6 16. b3 axb3 17. axb3 Qc7 18. Be3 Bb6 19. Qd2 Rfb8 20. Nf5 Rxa1 
21. Rxa1 Bxf5 22. exf5 Nf8 23. Bxh6 gxh6 24. Qxh6 Qe7 25. Qg5+ Kh8 26. Qh4+ Kg8 
27. Re1 Bc7 28. Qg5+ Kh8 29. Qh6+ N8h7 30. Ng5 Qf8 31. Qh4 Bd8 32. Nxh7 Nxh7 
33. f6 Qg8 34. dxe5 dxe5 35. Qh6 Ra8 36. Re2 Bxf6 37. Bxh7 Qg7 38. Qxg7+ Kxg7 
39. Be4 Ra1+ 40. Kh2 Rc1 41. Re3 c5 42. g3 Bg5 43. Rd3 Re1 44. Bc6 Re2 
45. Kg2 Rb2 46. h4 Bd2 47. Kf1 f5 48. Bxb5 e4 49. Rd7+ Kg6 50. Rd6+ Kg7 
51. Bd7 e3 52. fxe3 Bxe3 53. h5 f4 54. h6+ Kf7 55. gxf4 Bxf4 56. Ra6 Rh2 
57. Be6+ Kf8 58. Ra8+ Ke7 59. h7 Be5 60. Bc4 Bxc3 61. Kg1 Rh6 62. Kg2 Be5 
63. Ra7+ Kf6 64. Bd3 Bd4 65. Kf3 Rh1 66. Kg4 Rg1+ 67. Kf4 Rh1 68. Ra6+ Kg7 
69. Rc6 Rh6 70. Rc7+ Kf8 71. Bc2 Ke8 72. Bf5 Rh1 73. Ke4 Rh4+ 74. Kd3 Bb2 
75. Rxc5 Ke7 76. Rd5 Bh8 77. Rd7+ Kf6 78. Rd8 Bg7 79. Rg8 Kf7 80. Be4 Rh3+ 
81. Kc4 Rh5 82. b4 Rh4 83. Kd5 Rh5+ 84. Kc6 Rh6+ 85. Kc5 Rh5+ 86. Kc6 Rh6+ 
87. Kc5 Rh5+ 88. Kb6 Rh6+ 89. Kb5 Rh2 90. Ka4 Rh4 91. Ka5 Rh6 92. b5 Bc3+ 
93. Ka4 Ke7 94. Bg6 Rh2 95. b6 Rb2 96. Rb8 Kd7 97. b7 Rb4+ 98. Ka3 Kc7 
99. Rc8+ Kxb7 100. Rxc3 Rh4 101. Be4+ Ka7 102. Rc8 Rh3+ 103. Kb4 Rh5 
104. h8=Q Rb5+ 105. Kc4 Rb4+ 106. Kxb4 Ka6 107. Qf6+ Ka7 108. Ra8# 1-0

[Event "Monday Night Round Robin Blitz Tour 5m+1s Starts at 2200hrs No Late Joins"]
[Site "Infinity Chess"]
[Date "2018.4.30"]
[Round "1"]
[White "CoffeeOne"]
[Black "incredible"]
[Result "1/2-1/2"]
[ECO "C50"]
[WhiteElo "2568"]
[BlackElo "2452"]
[WhiteEngine "cfish-2018-04-30"]
[BlackEngine "Stockfish_x64_bmi2"]
[EventType "Round Robin"]
[WhiteTeam ""]
[BlackTeam ""]
[PlyCount "150"]
[TimeControl "300+1"]

1. e4 e5 2. Nf3 Nc6 3. Bc4 Bc5 4. O-O Nf6 5. d3 O-O 6. Nc3 h6 7. Na4 Bb6 
8. b4 d6 9. Bd2 Ne7 10. Nxb6 axb6 11. a4 Ng6 12. Re1 c6 13. h3 Re8 14. Bb3 d5 
15. exd5 cxd5 16. a5 b5 17. d4 e4 18. Ne5 Nxe5 19. dxe5 Rxe5 20. f4 Re8 
21. Bc3 Ra6 22. Bd4 Qd6 23. Qd2 b6 24. axb6 Rxb6 25. Ra5 Rb8 26. c3 Bd7 
27. Qe3 Bc6 28. Rea1 Nh5 29. Ra6 Rbc8 30. g3 Nf6 31. Bd1 Ra8 32. Be2 Rxa6 
33. Rxa6 Qd7 34. g4 Ra8 35. Rxa8+ Bxa8 36. Kf2 Bc6 37. Qg3 Qd8 38. f5 Ne8 
39. Bc5 Qf6 40. Bd4 Qg5 41. h4 Qc1 42. g5 Bd7 43. f6 gxf6 44. gxf6+ Kh7 
45. Qe5 Qh1 46. h5 Qh3 47. Ke1 Kg8 48. Qf4 Kh7 49. Qe5 Kg8 50. Kd1 Qh1+ 
51. Kc2 Qg2 52. Kd2 Qg5+ 53. Kd1 Qg2 54. Be3 Qh1+ 55. Kd2 Qb1 56. Bxh6 Kh7 
57. Bg5 Be6 58. Bxb5 Qb2+ 59. Kd1 Qb1+ 60. Kd2 Qb2+ 61. Ke3 Nd6 62. Qxd6 Qc1+ 
63. Kf2 Qxg5 64. Qg3 Qxf6+ 65. Ke1 d4 66. Bc6 Qe7 67. Qf4 f5 68. Qg3 dxc3 
69. Qg6+ Kh8 70. Qh6+ Kg8 71. Qg6+ Kf8 72. Qh6+ Kf7 73. Qg6+ Kf8 74. Qh6+ Kf7 
75. Qg6+ Kf8 1/2-1/2

[Event "Saturday 07 April Rapid Engine Tour 12+1 Rounds 9 Starts 1600ST"]
[Site "Infinity Chess"]
[Date "2018.4.7"]
[Round "9"]
[White "KQRBNP"]
[Black "angriff"]
[Result "1/2-1/2 "]
[ECO "C77"]
[WhiteElo "2408"]
[BlackElo "2358"]
[WhiteEngine "Eman 1.70-beta18 64-bit POPCNT"]
[BlackEngine "DracoREX 3.07 64BIT POPCNT_CTG"]
[EventType "Swiss"]
[WhiteTeam ""]
[BlackTeam ""]
[PlyCount "91"]
[TimeControl "720+1"]

1. e4 e5 2. Nf3 Nc6 3. Bb5 a6 4. Ba4 Nf6 5. O-O Be7 6. Re1 b5 7. Bb3 O-O 
8. c3 d5 9. exd5 Nxd5 10. Nxe5 Nxe5 11. Rxe5 c6 12. d3 Bd6 13. Re1 Bf5 
14. Qf3 Qh4 15. g3 Qh3 16. Be3 Bxd3 17. Nd2 Bf5 18. Bxd5 cxd5 19. Qxd5 Rfd8 
20. Qg2 b4 21. Bb6 Qxg2+ 22. Kxg2 Rd7 23. Re2 bxc3 24. bxc3 Rb8 25. Bd4 Be6 
26. a4 Bf8 27. f3 Rdb7 28. g4 Rb2 29. Rf2 Bd7 30. Nc4 R2b7 31. h4 f6 32. Re2 h5 
33. gxh5 Kh7 34. Nd2 Rb2 35. Kf2 Re8 36. Rxe8 Bxe8 37. Ke3 Bxh5 38. c4 Rb7 
39. Rb1 Rxb1 40. Nxb1 Bf7 41. c5 Be8 42. a5 Kg6 43. Nc3 Be7 44. Ne4 Bd7 
28. Nd6 Kh5 29. Be5 1/2-1/2

[Event "Saturday 07 April Rapid Engine Tour 12+1 Rounds 9 Starts 1600ST"]
[Site "Infinity Chess"]
[Date "2018.4.7"]
[Round "9"]
[White "Vimtiroba"]
[Black "Dovahkiin"]
[Result "1/2-1/2"]
[ECO "C26"]
[WhiteElo "2383"]
[BlackElo "2368"]
[WhiteEngine "SF9 ''A6''_CTG"]
[BlackEngine "corchess_x64_modern_CTG"]
[EventType "Swiss"]
[WhiteTeam ""]
[BlackTeam ""]
[PlyCount "114"]
[TimeControl "720+1"]

1. e4 e5 2. Nc3 Nf6 3. Nf3 Nc6 4. a4 Bb4 5. Bb5 O-O 6. O-O Re8 7. Bc4 Nxe4 
8. Nxe4 d5 9. Nfg5 Bf5 10. Nxf7 Kxf7 11. Ng3 Be6 12. Be2 Kg8 13. c3 Bd6 
14. a5 Rf8 15. d3 Qd7 16. h3 Rae8 17. Qb3 Nd8 18. c4 c6 19. a6 b6 20. Be3 Bc7 
21. Rac1 Bd6 22. Rce1 Rf7 23. cxd5 Bxd5 24. Qc2 Bb4 25. Bg4 Be6 26. Re2 Bxg4 
27. hxg4 c5 28. Ne4 Rff8 29. f3 Nc6 30. Rd1 Kh8 31. Rf2 Ne7 32. g3 Nd5 
33. Bc1 Kg8 34. Kg2 b5 35. Nxc5 Bxc5 36. Qxc5 Rc8 37. Qa3 e4 38. dxe4 Ne3+ 
39. Bxe3 Qxd1 40. Qb4 Qa4 41. Qxa4 bxa4 42. e5 Rc6 43. Bxa7 Rxa6 44. Be3 Ra5 
45. f4 Rd5 46. Re2 Rc8 47. Kf3 Rc4 48. g5 Kf7 49. g4 Rb4 50. e6+ Ke8 51. Rc2 Rd3 
52. f5 Rbb3 53. Re2 Rd4 54. Kf2 Re4 55. Kf3 Rd4 56. Rh2 Rdd3 57. Re2 Rd4 1/2-1/2

[Event "Saturday 07 April Rapid Engine Tour 12+1 Rounds 9 Starts 1600ST"]
[Site "Infinity Chess"]
[Date "2018.4.7"]
[Round "9"]
[White "Prometheus"]
[Black "beka"]
[Result "1-0"]
[ECO "E10"]
[WhiteElo "2445"]
[BlackElo "2369"]
[WhiteEngine "Eman 1.70-beta18 64-bit BMI2"]
[BlackEngine "stockfish_18032408_32bit"]
[EventType "Swiss"]
[WhiteTeam ""]
[BlackTeam ""]
[PlyCount "179"]
[TimeControl "720+1"]

1. d4 Nf6 2. c4 e6 3. Nf3 d5 4. e3 Be7 5. Nc3 O-O 6. a3 c5 7. cxd5 Nxd5 
8. Bd3 Nxc3 9. bxc3 Nc6 10. Bb2 b6 11. Qc2 h6 12. O-O Bb7 13. Qe2 Rc8 
14. Rad1 Qc7 15. e4 Rfe8 16. Rfe1 Bf8 17. h3 Na5 18. Ne5 Red8 19. Qg4 Qe7 
20. Re3 Nc6 21. Nf3 Na5 22. Ne5 Nc6 23. f4 Qe8 24. Nxc6 Bxc6 25. e5 Bd7 
26. Rg3 Kh8 27. h4 a5 28. Bb1 b5 29. h5 a4 30. Re1 Rc6 31. Qf3 Be7 32. f5 exf5 
33. d5 Rb6 34. e6 fxe6 35. c4 Bg5 36. Bxf5 e5 37. Rxe5 Qf7 38. Bxd7 Qxd7 
39. Rgxg5 hxg5 40. Rxg5 bxc4 41. Bxg7+ Qxg7 42. Rxg7 Kxg7 43. Qg4+ Kh8 
44. Qxc4 Rbd6 45. Qxc5 Rxd5 46. Qc6 Rd1+ 47. Kf2 R1d2+ 48. Ke3 R2d3+ 
49. Kf4 R3d4+ 50. Kf3 Rd3+ 51. Kg4 R8d7 52. Kh4 R3d4+ 53. Kh3 Rd3+ 54. Kh2 Kh7 
55. g4 Rd1 56. Qxa4 R7d3 57. Qe4+ Kg8 58. Qe8+ Kh7 59. Qg6+ Kh8 60. Qh6+ Kg8 
61. Qg5+ Kh8 62. h6 Rd7 63. Qf5 R1d5 64. Qf6+ Kh7 65. g5 Rd1 66. Qf5+ Kg8 
67. Qg6+ Kh8 68. Kg2 R7d2+ 69. Kf3 Rd3+ 70. Kf4 Rd7 71. Qc2 R1d2 72. Qc3+ Kh7 
73. Ke3 Rd1 74. Qc2+ Kg8 75. g6 Re7+ 76. Kf2 Rde1 77. Qc3 R1e2+ 78. Kf3 R2e6 
79. h7+ Rxh7 80. Qc8+ Kg7 81. Qxe6 Rh1 82. Qf7+ Kh6 83. Qh7+ Kg5 84. Qxh1 Kxg6 
85. Kf4 Kf6 86. Qe1 Kg7 87. Qe7+ Kh8 88. Kg5 Kg8 89. Kg6 Kh8 90. Qg7# 1-0

[Event "Saturday 07 April Rapid Engine Tour 12+1 Rounds 9 Starts 1600ST"]
[Site "Infinity Chess"]
[Date "2018.4.7"]
[Round "9"]
[White "Thinker"]
[Black "Deep_Impact"]
[Result "1/2-1/2"]
[ECO "C50"]
[WhiteElo "2450"]
[BlackElo "2457"]
[WhiteEngine "BrainFish_180404_x64_modern_CTG"]
[BlackEngine "BrainFish_180404_x64_bmi2"]
[EventType "Swiss"]
[WhiteTeam ""]
[BlackTeam ""]
[PlyCount "161"]
[TimeControl "720+1"]

1. e4 e5 2. Nf3 Nc6 3. Bc4 Bc5 4. O-O Nf6 5. d3 d6 6. c3 a5 7. Re1 O-O 8. h3 h6 
9. Nbd2 Be6 10. a4 Ba7 11. Bxe6 fxe6 12. Nc4 Bc5 13. Be3 Bxe3 14. Rxe3 Nd7 
15. Rc1 Qf6 16. d4 Rf7 17. Qb3 Raf8 18. dxe5 Ncxe5 19. Ncxe5 Nxe5 20. Rf1 c6 
21. Nxe5 Qxe5 22. Qc4 g5 23. Qd3 Kg7 24. Qd2 Rd7 25. Rd3 Qxe4 26. Rxd6 Rxd6 
27. Qxd6 Qxa4 28. Qxe6 Qf4 29. b3 Rf7 30. c4 Qd4 31. Qe2 b6 32. g3 Qf6 
33. Qd2 Re7 34. c5 bxc5 35. Qxa5 Qd4 36. Qa2 Qd7 37. Kh2 Re5 38. Qc2 Qf5 
39. Qb2 Kf7 40. Ra1 h5 41. Ra4 Kg6 42. Ra6 Re6 43. Ra8 Kf7 44. Qd2 Rf6 
45. Ra2 Kg6 46. Qe2 Qe6 47. Qc2+ Qf5 48. Qe2 Qe6 49. Qc2+ Qf5 50. Kg2 Rd6 
51. g4 Qxc2 52. Rxc2 hxg4 53. hxg4 Rd5 54. Kf1 Kf6 55. Rc4 Kg6 56. Ke2 Kf6 
57. f3 Re5+ 58. Kd3 Rd5+ 59. Ke2 Re5+ 60. Kd3 Rd5+ 61. Kc2 Ke5 62. Re4+ Kf6 
63. Kc3 Rd1 64. Rc4 Rd5 65. Ra4 Ke6 66. Ra6 Kd6 67. Ra8 Rd4 68. Rc8 Rf4 
69. Rd8+ Kc7 70. Rd3 Kb6 71. Re3 Ka6 72. Kd3 Kb5 73. Ke2 Rb4 74. Re5 Rxb3 
75. Rxg5 Rb2+ 76. Ke3 Rb3+ 77. Ke4 Rb4+ 78. Kd3 Rb3+ 79. Ke4 Rb4+ 80. Kd3 Rb3+ 
81. Ke4 1/2-1/2

[Event "Saturday 07 April Rapid Engine Tour 12+1 Rounds 9 Starts 1600ST"]
[Site "Infinity Chess"]
[Date "2018.4.7"]
[Round "9"]
[White "SkyPilot"]
[Black "hafaba"]
[Result "1/2-1/2"]
[ECO "E10"]
[WhiteElo "2477"]
[BlackElo "2460"]
[WhiteEngine "stockfish_x64_bmi2_2018_03_30_CTG"]
[BlackEngine "Eman 1.70-beta18 64-bit POPCNT_CTG"]
[EventType "Swiss"]
[WhiteTeam ""]
[BlackTeam ""]
[PlyCount "220"]
[TimeControl "720+1"]

1. d4 Nf6 2. c4 e6 3. Nf3 d5 4. Nc3 c6 5. e3 Nbd7 6. Qc2 Bd6 7. Bd3 O-O 
8. O-O dxc4 9. Bxc4 b5 10. Be2 Bb7 11. Rd1 Qc7 12. e4 e5 13. dxe5 Nxe5 
14. Nxe5 Bxe5 15. g3 Rfe8 16. Be3 Bxc3 17. Qxc3 Nxe4 18. Qc2 a6 19. a4 b4 
20. Bf4 Qc8 21. Bc4 a5 22. Rac1 Nf6 23. Qb3 Re7 24. Bd6 Rd7 25. Bf1 Qd8 
26. Be5 Rxd1 27. Qxd1 Qxd1 28. Rxd1 Nd5 29. Rc1 Rd8 30. b3 Bc8 31. Rxc6 f6 
32. Rd6 Rxd6 33. Bxd6 Kf7 34. Bd3 Be6 35. Kf1 g5 36. Ke1 Ne7 37. Bc7 Bxb3 
38. Bb5 Nd5 39. Bxa5 Nc3 40. Bxb4 Nxa4 41. f3 Nb6 42. Bd3 Nd5 43. Bd2 h5 
44. Kf2 Ba2 45. Be4 Bb3 46. f4 g4 47. Be1 Bc4 48. Bc2 Kg7 49. Bd1 Kg6 
50. Ba4 Kf7 51. Bc2 Kg7 52. Be4 Kf7 53. Bf5 Kg7 54. Bc2 Kf7 55. Bf5 Ne7 
56. Bc2 Nd5 57. Be4 Kg7 58. Bf5 Kf7 59. Be4 Kg7 60. Bb1 Kf7 61. Ba5 Ne7 
62. Be1 Be6 63. Bc2 Nf5 64. Bb4 Nd4 65. Be4 Bd7 66. Ke3 Nf5+ 67. Ke2 Ne7 
68. Kd3 Nf5 69. Bd5+ Be6 70. Bg2 h4 71. Be1 h3 72. Bc6 Ba2 73. Bf2 Bb1+ 
74. Kd2 Ke6 75. Kc3 Nd6 76. Kd4 Nf5+ 77. Kc5 Ke7 78. Be1 Bc2 79. Bf2 Nd6 
80. Kd4 Ke6 81. Be1 Nf5+ 82. Kc5 Ke7 83. Bb7 Nd6 84. Ba6 Bd1 85. Kd4 Nf5+ 
86. Kc3 Bf3 87. Kd3 Kd8 88. Bc4 Ke7 89. Ba2 Kd7 90. Bc4 Bc6 91. Bb3 Bf3 
92. Bf2 Bb7 93. Bc2 Nh6 94. Kd4 Ke6 95. Bb3+ Kd6 96. Bc2 Ke6 97. Ba4 Nf5+ 
98. Kc3 Be4 99. Bg1 Kd6 100. Kb4 Bb7 101. Bc5+ Kc7 102. Bd1 Bf3 103. Bxf3 gxf3 
104. g4 Nd6 105. g5 fxg5 106. fxg5 Ne4 107. g6 Nxc5 108. Kxc5 f2 109. g7 f1=Q 
110. g8=Q Qf2+ 1/2-1/2

[Event "Saturday 07 April Rapid Engine Tour 12+1 Rounds 9 Starts 1600ST"]
[Site "Infinity Chess"]
[Date "2018.4.7"]
[Round "9"]
[White "MarioDeMonti"]
[Black "Eman"]
[Result "1-0"]
[ECO "B90"]
[WhiteElo "2497"]
[BlackElo "2482"]
[WhiteEngine "stockfish_x64_bmi2_2018_02_18_CTG"]
[BlackEngine "Eman 1.70-beta18 64-bit POPCNT"]
[EventType "Swiss"]
[WhiteTeam ""]
[BlackTeam ""]
[PlyCount "96"]
[TimeControl "720+1"]

1. e4 c5 2. Nf3 d6 3. d4 cxd4 4. Nxd4 Nf6 5. Nc3 a6 6. Be3 e5 7. Nb3 Be6 
8. f3 Be7 9. Qd2 Nbd7 10. g4 O-O 11. O-O-O b5 12. g5 Nh5 13. Kb1 Nb6 
14. Nd5 Nxd5 15. exd5 Bf5 16. Na5 f6 17. h4 Ng3 18. Nc6 Qd7 19. Rg1 Nxf1 
20. Rdxf1 fxg5 21. hxg5 Bg6 22. Rf2 Rae8 23. a3 Rf5 24. Rh1 Bd8 25. Rhf1 Qf7 
26. b3 Qc7 27. Kb2 Qd7 28. Ra1 a5 29. Nxa5 Bxa5 30. Qxa5 Rc8 31. a4 bxa4 
32. Qxa4 Qf7 33. Qc4 Qf8 34. Qg4 Qf7 35. Ra5 Qb7 36. c3 Qf7 37. c4 Qb7 
38. Rf1 Rcf8 39. Rfa1 Rxf3 40. Rb5 Qe7 41. Ra7 Qd8 42. Bb6 Qe8 43. Bc7 Rf2+ 
44. Kc3 R2f3+ 45. Kb2 Rf2+ 46. Ka3 Rf1 47. Rb8 Ra1+ 48. Kb2 Qf7 1-0

[Event "Saturday 07 April Rapid Engine Tour 12+1 Rounds 9 Starts 1600ST"]
[Site "Infinity Chess"]
[Date "2018.4.7"]
[Round "9"]
[White "Harry_Potter"]
[Black "KRAKEN"]
[Result "0-1 "]
[ECO "C55"]
[WhiteElo "2504"]
[BlackElo "2474"]
[WhiteEngine "Stockfish_x64_bmi2_CTG"]
[BlackEngine "Raubfisch X38_CTG"]
[EventType "Swiss"]
[WhiteTeam ""]
[BlackTeam ""]
[PlyCount "36"]
[TimeControl "720+1"]

1. e4 e5 2. Nf3 Nc6 3. Bc4 Nf6 4. d3 Bc5 5. c3 d6 6. O-O O-O 7. h3 a6 8. Re1 b5 
9. Bb3 Re8 10. Bg5 h6 11. Bh4 Bb6 12. Nbd2 Be6 13. Bc2 g5 14. Bg3 Ne7 15. d4 Ng6 
16. a4 g4 17. hxg4 Nxg4 18. Bb3 h5 0-1

[Event "Saturday 07 April Rapid Engine Tour 12+1 Rounds 9 Starts 1600ST"]
[Site "Infinity Chess"]
[Date "2018.4.7"]
[Round "9"]
[White "Murx"]
[Black "fati64"]
[Result "1/2-1/2"]
[ECO "D02"]
[WhiteElo "2505"]
[BlackElo "2460"]
[WhiteEngine "asmFishW_2018-04-01_bmi2"]
[BlackEngine "BrainFish_180404_x64"]
[EventType "Swiss"]
[WhiteTeam ""]
[BlackTeam ""]
[PlyCount "123"]
[TimeControl "720+1"]

1. d4 d5 2. Nf3 Nf6 3. Bf4 c5 4. c3 Nc6 5. e3 Qb6 6. Qc1 cxd4 7. cxd4 Nh5 
8. Bg3 Bg4 9. Nc3 e6 10. Qd2 Be7 11. Be2 O-O 12. Bh4 Bxh4 13. Nxh4 Bxe2 
14. Qxe2 Nf6 15. O-O Rfd8 16. Nf3 Rac8 17. Rfc1 Rd7 18. a3 Qd8 19. Qd1 g6 
20. g3 h5 21. Kg2 Kg7 22. Ng5 Rdc7 23. Nb5 Rd7 24. Nc3 Rdc7 25. Nb5 Re7 
26. Nc3 Re8 27. Ne2 Qd6 28. Rc3 e5 29. Rac1 h4 30. gxh4 e4 31. Qg1 Rh8 
32. Kh1 Rxh4 33. Qg3 Qxg3 34. fxg3 Rhh8 35. h3 Rhd8 36. Kg2 Ne7 37. Kf2 Rc6 
38. g4 Rdc8 39. b3 Ne8 40. Rc5 Rxc5 41. dxc5 Nf6 42. b4 Nd7 43. Nc3 Ne5 
44. Rd1 Nd3+ 45. Ke2 Re8 46. h4 b6 47. c6 Nxc6 48. Nxd5 Nde5 49. Rc1 Ne7 
50. Nf4 Nxg4 51. Rc7 a6 52. a4 Kf8 53. Rb7 b5 54. axb5 axb5 55. h5 gxh5 
56. Nxh5 f5 57. Rxb5 Rc8 58. Kd2 Rd8+ 59. Kc1 Rc8+ 60. Kd2 Rd8+ 61. Kc1 Rc8+ 
62. Kd2 1/2-1/2

[Event "Saturday 07 April Rapid Engine Tour 12+1 Rounds 9 Starts 1600ST"]
[Site "Infinity Chess"]
[Date "2018.4.7"]
[Round "9"]
[White "ocirema"]
[Black "Susanne"]
[Result "1/2-1/2 "]
[ECO "B32"]
[WhiteElo "2455"]
[BlackElo "2513"]
[WhiteEngine "asmFishW_2018-04-01_popcnt"]
[BlackEngine "stockfish_jvv03_x64_bmi2_CTG"]
[EventType "Swiss"]
[WhiteTeam ""]
[BlackTeam ""]
[PlyCount "182"]
[TimeControl "720+1"]

1. e4 c5 2. Nf3 Nc6 3. d4 cxd4 4. Nxd4 e5 5. Nb5 d6 6. N1c3 a6 7. Na3 b5 
8. Nd5 Nf6 9. c3 Be7 10. Nxf6+ Bxf6 11. Nc2 O-O 12. Bd3 Be6 13. O-O Qd7 
14. a4 Rab8 15. Ne3 Bd8 16. axb5 axb5 17. Bc2 Bg5 18. Bb3 Bxb3 19. Qxb3 b4 
20. c4 Ra8 21. Bd2 Nd4 22. Qd3 Qb7 23. Rad1 Ra2 24. Nf5 Nxf5 25. exf5 Bf6 
26. Qb3 Ra6 27. h3 Rc8 28. Rc1 h6 29. Be3 Kh7 30. Rfd1 Rac6 31. Qd3 e4 
32. Qxe4 Bxb2 33. Rb1 Bf6 34. Rxd6 Qe7 35. Qxe7 Bxe7 36. Rxc6 Rxc6 37. f6 gxf6 
38. c5 Bxc5 39. Bxc5 Rxc5 40. Rxb4 f5 41. g3 Rc3 42. Ra4 Kg6 43. Kg2 h5 
44. Rf4 Kg5 45. Rd4 Kf6 46. Rh4 Kg6 47. Rd4 Rb3 48. Rc4 Ra3 49. Rc6+ Kg7 
50. Rc4 Kf6 51. Rh4 Kg5 52. Rf4 Ra2 53. Rb4 Kg6 54. Kf3 Ra3+ 55. Ke2 Ra2+ 
56. Kf3 Ra6 57. Kg2 Ra2 58. Rf4 Ra1 59. Rd4 Ra2 60. Kf3 Ra3+ 61. Ke2 Ra2+ 
62. Ke3 Ra3+ 63. Kf4 Ra2 64. f3 Ra1 65. Rd6+ f6 66. Ke3 Rc1 67. Rd3 Rb1 
68. f4 Ra1 69. Rc3 Rb1 70. Kd2 h4 71. gxh4 Rh1 72. h5+ Kxh5 73. Rc5 Rh2+ 
74. Ke1 Rxh3 75. Rxf5+ Kg6 76. Rc5 Rf3 77. Ke2 Rxf4 78. Rb5 Rh4 79. Rb1 Rh2+ 
80. Kf3 Rh3+ 81. Ke2 Ra3 82. Rc1 Ra2+ 83. Kf3 Rb2 84. Rg1+ Kf7 85. Rh1 Rb3+ 
86. Kf4 Rd3 87. Rh7+ Ke6 88. Ra7 Rb3 89. Ra6+ Kf7 90. Ra1 Rb2 91. Ra7+ Ke6 
1/2-1/2

[Event "Saturday 07 April Rapid Engine Tour 12+1 Rounds 9 Starts 1600ST"]
[Site "Infinity Chess"]
[Date "2018.4.7"]
[Round "9"]
[White "THE_MACHINE"]
[Black "star99"]
[Result "1/2-1/2"]
[ECO "B30"]
[WhiteElo "2521"]
[BlackElo "2476"]
[WhiteEngine "BrainFish_180404_x64_bmi2"]
[BlackEngine "Cryptic Heroes 9.3B"]
[EventType "Swiss"]
[WhiteTeam ""]
[BlackTeam ""]
[PlyCount "87"]
[TimeControl "720+1"]

1. e4 c5 2. Nf3 Nc6 3. Nc3 g6 4. d4 cxd4 5. Nxd4 Bg7 6. Be3 Nf6 7. Bc4 O-O 
8. Bb3 d6 9. f3 Bd7 10. h4 h5 11. Qd2 Na5 12. O-O-O Rc8 13. g4 Nxb3+ 
14. Nxb3 Kh7 15. g5 Ne8 16. Bd4 b5 17. Bxg7 Nxg7 18. Nd4 b4 19. Nd5 a5 
20. Kb1 Ne6 21. Rhe1 Nxd4 22. Qxd4 Rc5 23. e5 Bf5 24. Re2 Be6 25. exd6 Qxd6 
26. Nf6+ Kh8 27. Qxd6 exd6 28. Rxd6 Rf5 29. b3 Rxf3 30. Rd4 Rc8 31. Kb2 Kg7 
32. a3 bxa3+ 33. Kxa3 Rfc3 34. Ka4 Rb8 35. Rde4 Rbc8 36. Kxa5 Bxb3 37. cxb3 Rxb3 
38. Ka4 Rb1 39. Re8 Ra8+ 40. Rxa8 Rb4+ 41. Ka3 Rb3+ 42. Ka2 Rb2+ 43. Ka1 Rb1+ 
44. Kxb1 1/2-1/2

[Event "Saturday 07 April Rapid Engine Tour 12+1 Rounds 9 Starts 1600ST"]
[Site "Infinity Chess"]
[Date "2018.4.7"]
[Round "9"]
[White "Marsell"]
[Black "xeonrocks"]
[Result "1/2-1/2"]
[ECO "C53"]
[WhiteElo "2464"]
[BlackElo "2563"]
[WhiteEngine "asmFishW_2018-04-02_bmi2"]
[BlackEngine "Stockfish_x64_bmi2_CTG"]
[EventType "Swiss"]
[WhiteTeam ""]
[BlackTeam ""]
[PlyCount "215"]
[TimeControl "720+1"]

1. e4 e5 2. Nf3 Nc6 3. Bc4 Bc5 4. c3 Nf6 5. d3 d6 6. O-O a5 7. Bg5 Ba7 
8. Nbd2 h6 9. Bh4 Bd7 10. a4 Qe7 11. Bg3 Nh5 12. Kh1 O-O 13. h3 Nxg3+ 
14. fxg3 Be3 15. Kh2 Kh7 16. g4 g6 17. Qe2 Bc5 18. Bb5 Nb8 19. Bxd7 Nxd7 
20. Rae1 c6 21. g3 Kg7 22. Kg2 Rae8 23. Qd1 Qd8 24. Qb1 Ba7 25. b4 axb4 
26. cxb4 Qe7 27. Qa2 Rd8 28. a5 Nb8 29. b5 cxb5 30. Rb1 Rc8 31. Rxb5 Rc5 
32. Rfb1 Rxb5 33. Rxb5 Rc8 34. Nc4 Nc6 35. Qd2 Nd4 36. Nxd4 Bxd4 37. Qb4 Qf6 
38. Qe1 Qe6 39. Qe2 Qd7 40. Rd5 Rc6 41. h4 Ra6 42. h5 Qc7 43. Rb5 gxh5 
44. gxh5 Qd7 45. Rd5 Qe6 46. Qf1 Bc5 47. Qf5 Qxf5 48. exf5 f6 49. Kf3 Kf7 
50. Nd2 Rxa5 51. Ne4 b6 52. Nxd6+ Ke7 53. Nb7 Ra3 54. Nxc5 bxc5 55. Rxc5 Rxd3+ 
56. Kg4 Rd4+ 57. Kh3 Rd3 58. Rb5 Kf7 59. Rb7+ Kg8 60. Rb8+ Kf7 61. Rb7+ Kg8 
62. Rb5 Kh7 63. Kg2 Kg8 64. Rb8+ Kf7 65. Rb7+ Kg8 66. Kh3 Kh8 67. Rf7 Rd6 
68. Rb7 Ra6 69. Rb4 Kg7 70. Kg4 Ra7 71. Rc4 Kg8 72. Kh3 Ra6 73. Rc8+ Kf7 
74. Rc7+ Kg8 75. Rc1 Kf8 76. Rc4 Ke7 77. Rc8 Kd6 78. Rh8 e4 79. Kg4 Ra4 
80. Rxh6 e3+ 81. Kf3 e2 82. Rxf6+ Ke5 83. Re6+ Kxf5 84. Rxe2 Rc4 85. Re3 Ra4 
86. Re7 Ra3+ 87. Re3 Ra5 88. Re4 Ra3+ 89. Re3 Ra4 90. Rb3 Ra5 91. g4+ Kg5 
92. Rc3 Rb5 93. Rd3 Rc5 94. Rd4 Rc3+ 95. Ke2 Rb3 96. Ra4 Rh3 97. Kf2 Rb3 
98. Re4 Rd3 99. Kg2 Rb3 100. Kf2 Ra3 101. Rd4 Ra2+ 102. Ke1 Ra1+ 103. Kd2 Ra3 
104. Kd1 Rg3 105. Ke1 Re3+ 106. Kf1 Rc3 107. Rb4 Rf3+ 108. Kg1 1/2-1/2

[Event "Saturday 07 April Rapid Engine Tour 12+1 Rounds 9 Starts 1600ST"]
[Site "Infinity Chess"]
[Date "2018.4.7"]
[Round "8"]
[White "KQRBNP"]
[Black "KhalidOmar"]
[Result "1/2-1/2 "]
[ECO "C55"]
[WhiteElo "2408"]
[BlackElo "2409"]
[WhiteEngine "Eman 1.70-beta18 64-bit POPCNT"]
[BlackEngine "Eman 1.70-beta18 64-bit BMI2"]
[EventType "Swiss"]
[WhiteTeam ""]
[BlackTeam ""]
[PlyCount "204"]
[TimeControl "720+1"]

1. e4 e5 2. Nf3 Nc6 3. Bc4 Nf6 4. d3 Bc5 5. O-O d6 6. Re1 O-O 7. c3 a5 8. h3 Ba7 
9. a4 h6 10. Na3 Ne7 11. d4 exd4 12. cxd4 c6 13. Bd3 d5 14. e5 Ne4 15. Nb1 f5 
16. exf6 Rxf6 17. Bxe4 dxe4 18. Rxe4 Bf5 19. Re1 Nd5 20. Nc3 Nb4 21. Qb3+ Kh8 
22. Ne4 Re6 23. Ng3 Rxe1+ 24. Nxe1 Bh7 25. Be3 Qd5 26. Qxd5 Nxd5 27. Rc1 Nb4 
28. Rd1 Rd8 29. Rd2 Nd5 30. Re2 b5 31. Nf3 bxa4 32. Bd2 Rb8 33. Bxa5 Kg8 
34. Be1 Bd3 35. Rd2 Nf4 36. Ne5 Rb3 37. Nxc6 Bb6 38. Kh2 a3 39. bxa3 Rb1 
40. Ne5 Ba6 41. Nd7 Ba5 42. Rd1 Rxd1 43. Bxa5 Rxd4 44. Nc5 Bd3 45. f3 Nd5 
46. Be1 Bh7 47. Nge4 Bxe4 48. Bf2 Rd2 49. Nxe4 Ra2 50. g4 Rxa3 51. Kg3 g6 
52. Bd4 Rd3 53. Bb2 Rd1 54. Nf6+ Nxf6 55. Bxf6 Kf7 56. Bc3 Rd3 57. Bb2 Rb3 
58. Be5 Rb5 59. Bf4 Kg7 60. Bc7 Rc5 61. Bd6 Rc4 62. Bf4 Rc6 63. Bd2 Rd6 
64. Bf4 Re6 65. Kf2 Re8 66. Kg3 Re2 67. Bc1 Re1 68. Bd2 Re2 69. Bf4 Re1 
70. Kf2 Re6 71. Bd2 Rc6 72. Kg3 Rd6 73. Be3 Rd5 74. Bf4 Kh7 75. Kf2 Rd3 
76. Be3 Kg7 77. Bf4 Ra3 78. Be5+ Kh7 79. Kg3 Rb3 80. h4 Rb5 81. Bf6 h5 
82. Kf4 Rc5 83. Be5 Kh6 84. Bf6 Rc8 85. Kg3 Kh7 86. gxh5 gxh5 87. Kf4 Kg6 
88. Bd4 Rb8 89. Ke5 Rg8 90. Kf4 Rf8+ 91. Ke5 Re8+ 92. Kf4 Rd8 93. Ke4 Kf7 
94. f4 Ke7 95. f5 Kf7 96. Be5 Re8 97. Kf4 Rg8 98. Kf3 Rg4 99. Bg3 Rc4 
100. Bf4 Rd4 101. Kg3 Rd1 102. Kf3 Re1 1/2-1/2

[Event "Saturday 07 April Rapid Engine Tour 12+1 Rounds 9 Starts 1600ST"]
[Site "Infinity Chess"]
[Date "2018.4.7"]
[Round "8"]
[White "Dovahkiin"]
[Black "Prometheus"]
[Result "1/2-1/2"]
[ECO "C50"]
[WhiteElo "2365"]
[BlackElo "2448"]
[WhiteEngine "corchess_x64_modern_CTG"]
[BlackEngine "Eman 1.70-beta18 64-bit BMI2"]
[EventType "Swiss"]
[WhiteTeam ""]
[BlackTeam ""]
[PlyCount "122"]
[TimeControl "720+1"]

1. e4 e5 2. Nf3 Nc6 3. Bc4 Bc5 4. O-O Nf6 5. d3 d6 6. c3 O-O 7. Bg5 h6 8. Bh4 a5 
9. Nbd2 g5 10. Bg3 Ba7 11. Re1 Nh7 12. h3 h5 13. d4 h4 14. Bh2 g4 15. hxg4 Bxg4 
16. Bd5 Ng5 17. Qb3 Nxf3+ 18. gxf3 Bh5 19. Kh1 Kh8 20. Rg1 Qf6 21. f4 Qh6 
22. Rg5 f6 23. Rg2 a4 24. Qc2 exd4 25. Rag1 a3 26. b4 Rae8 27. Qd3 dxc3 
28. Qxc3 Nd4 29. Qxa3 Bb6 30. Qh3 Ne2 31. Rf1 Nxf4 32. Bxf4 Qxf4 33. Rh2 Re7 
34. Qxh4 Qxh4 35. Rxh4 Rh7 36. Kg2 Rg7+ 37. Kh2 Rh7 38. Kg3 c6 39. Rfh1 Bg6 
40. Rxh7+ Bxh7 41. Be6 Kg7 42. f4 Ra8 43. Rd1 Bc7 44. Kg4 Ra4 45. a3 Rxa3 
46. Nc4 Ra4 47. Nxd6 Bxd6 48. Rxd6 Bxe4 49. Rd4 Bc2 50. Bf5 Bxf5+ 51. Kxf5 b5 
52. Ke6 Ra3 53. Rd7+ Kg6 54. f5+ Kg5 55. Rg7+ Kf4 56. Kxf6 c5 57. Rb7 Ra6+ 
58. Ke7 Kxf5 59. bxc5 Rc6 60. Rxb5 Ke5 61. Rb1 Rxc5 1/2-1/2